Description

Time Fast Attack

Replay - Acolyte LE (2)

Build Order

Get SALT Encoding   

  12  0:00  Probe  
  13  0:11  Probe  
  14  0:17  Pylon  Пилон 1
  14  0:22  Probe  
  15  0:35  Probe (Chrono Boost)  
  16  0:37  Gateway  
  16  0:41  Assimilator  
  16  0:46  Probe  17 пробка разведка, 16/16
  17  0:56  Probe  На газ и на натурал
  18  1:07  Probe  
  19  1:18  Nexus  
  20  1:32  Cybernetics Core  100% ядро, батарейка
  20  1:34  Probe  
  20  1:39  Assimilator  
  21  1:45  Probe  
  22  1:51  Pylon  Пилон 2. К краю рампы
  23  2:09  Stalker (Chrono Boost)  
  27  2:23  Warp Gate  
  27  2:35  Zealot  
  29  2:40  Shield Battery  
  31  2:43  Robotics Facility  100% обс и призма
  35  3:02  Twilight Council  100%, чардж
  39  3:21  Gateway x2  
  40  3:29  Observer  
  42  3:35  Pylon  Пилон 3
  44  3:45  Charge (Chrono Boost)  
  45  3:48  Warp Prism (Chrono Boost)  
  48  3:57  Pylon  Пилон 4
  50  4:05  Pylon, Assimilator x2  Пилон 5
  52  4:17  Gateway  
  52  4:23  Zealot x3  
  60  4:41  Templar Archives  
  60  4:46  Forge  100%, атака1
  62  5:01  Zealot x3  
  62  5:06  Gateway  
  70  5:15  Immortal  Первый
  70  5:20  Protoss Ground Weapons Level 1 (Chrono Boost)  
  74  5:25  Zealot x3  
  68  5:45  Nexus  
  66  5:54  High Templar x4  
  76  6:09  Psionic Storm  
  76  6:18  Immortal  Второй
  76  6:23  Photon Cannon  
  82  6:29  Gateway x2  
  84  6:46  High Templar x2  
  90  6:55  Archon  
  90  6:57  Immortal, Protoss Ground Weapons Level 2  Третий
  94  7:05  Photon Cannon x2  
  101  7:20  Assimilator x2  
  110  7:46  Immortal  
  110  7:50  Robotics Facility  
  113  8:10  Photon Cannon  
  113  8:11  High Templar x4  
  121  8:17  Gateway x2  
  121  8:20  Archon x2  
  121  8:26  Gateway  
  125  8:29  Archon  
  125  8:30  Immortal  
  131  8:45  Photon Cannon  
  130  9:06  Blink  
  142  9:14  Immortal x2  
  150  9:23  Nexus  
  156  9:54  Immortal x2  
  179  10:17  Protoss Ground Armor Level 1  
  167  10:57  Archon x5  
  167  11:02  Warp Prism  
  169  11:09  Observer  
  168  11:21  Nexus  
  164  11:47  Photon Cannon  
Spawning Tool Build Advisor. Get it on Overwolf

Analysis

Time Fast Attack

Go to:

Details

  • Created by: ztmlsilon
  • Published on: Jan 15, 2026
  • Modified on: Jan 15, 2026
  • Patch: 4.7.1
  • Difficulty: Medium
Show
View Real Time Build Order
Export as new Build Order

Comments (0)

There are no comments. Be the first!

Create an account to comment!